cohdb
Replays
Latest Replays
All Replays
Popular Replays
Top Player Replays
Match Explorer
How It Works
Community
CoH3 Stats
Reddit
Sign in to upload your games and track your stats! →
Sign in with Steam
Match 41749616
Unlisted
Match 41749616
Overview
Messages
Build Orders
End
Construct Infanterie Kompanie
Selects Terror Battlegroup
Grenadier Squad
MG 42 Machine Gun Team
Grenadier Squad
GrW 34 Mortar Team
Grenadier Squad
Infanterie Officer Quarters
Construct Panzergrenadier Kompanie
Piskorz
Fulgrim
Border of Life
周杰伦
Super-MarioBalo
manchesterunited_2016
SILENCE
CPU - VERY EASY
0
0
Comments
sign in to comment!
No comments posted yet!